 Adventure DCSS version bcrawl-1.27.3 (webtiles) character file.

Game seed: 17867487752891393618

232024 galech the Cleaver (level 9, 74/74 HPs)
             Began as a Demonspawn Fighter on Sept 21, 2020.
             Was a High Priest of Okawaru.
             Quit the game in the Orcish Mines.
             The game lasted 00:14:44 (9546 turns).

galech the Cleaver (Demonspawn Fighter)             Turns: 9546, Time: 00:14:45

Health: 74/74      AC: 15    Str: 27    XL:     9   Next: 92%
Magic:  9/9        EV:  7    Int: 10    God:    Okawaru [*****.]
Gold:   631        SH: 11    Dex: 12    Spells: 8/8 levels left
                                        Lives:  0   Deaths: 2

rFire    . . .     SeeInvis .   h - +1 broad axe of Dinyipn {flame, rPois rC++ Str+3 Dex-5}
rCold    + + +     Gourm    .   c - +0 medium shield
rNeg     . . .     Faith    .   O - +2 chain mail {rC+}
rPois    +         Spirit   .   (helmet restricted)
rElec    +         Reflect  .   q - +0 cloak
rCorr    .         Harm     .   (no gloves)
MR       .....                  (no boots)
Stlth    ..........             I - amulet "Arhobet" {Rage *Slow Str+5 Dex+4}
HPRegen  0.22/turn              y - ring of protection from cold
MPRegen  0.11/turn              K - ring of insulation

@: no status effects
A: horns 2, icy blue scales 1, [low mp 1], spiny 1, rot immunity
a: Heroism, Finesse, Renounce Religion, Evoke Berserk Rage


You were in the Orcish Mines.
You worshipped Okawaru.
Okawaru was extremely pleased with you.
You were not hungry.

You visited 3 branches of the dungeon, and saw 11 of its levels.
You also visited: Gauntlet.

You collected 1099 gold pieces.
You spent 468 gold pieces at shops.

Inventory:

Hand Weapons
 h - the +1 broad axe of Dinyipn (weapon) {flame, rPois rC++ Str+3 Dex-5}
   (Okawaru gifted it to you in the Orcish Mines)

   It has been specially enchanted to surge with flame as it hits, increasing
   damage dealt by approximately one third against foes not resistant or
   susceptible to fire.
   Its heat also prevents any hydra heads it cuts off from regrowing.
   It affects your strength (+3).
   It affects your dexterity (-5).
   It greatly protects you from cold.
   It protects you from poison.
 l - a +3 war axe of venom
 E - the +3 morningstar of Profit {flame, Int+4}
   (You took it off a minotaur in a Gauntlet)

   It has been specially enchanted to surge with flame as it hits, increasing
   damage dealt by approximately one third against foes not resistant or
   susceptible to fire.
   It affects your intelligence (+4).
 F - a +0 falchion of flaming
Armour
 c - a +0 medium shield (worn)
 q - a +0 cloak (worn)
 O - a +2 chain mail of cold resistance (worn)
Jewellery
 y - a ring of protection from cold (left hand)
 z - the ring of Byog {Fire Str-5 Int+4 Dex+2}
   (You found it on level 5 of the Dungeon)

   [ring of fire]

   It enhances your fire magic.
   It affects your strength (-5).
   It affects your intelligence (+4).
   It affects your dexterity (+2).
   It protects you from fire.
   It makes you vulnerable to cold.
 D - the ring of Letruf {Ice Dex+2}
   (You found it in a Gauntlet)

   [ring of ice]

   It enhances your ice magic.
   It affects your dexterity (+2).
   It makes you vulnerable to fire.
   It protects you from cold.
 I - the amulet "Arhobet" (around neck) {Rage *Slow Str+5 Dex+4}
   (You found it in a Gauntlet)

   [amulet of rage]

   It affects your strength (+5).
   It affects your dexterity (+4).
   It may slow you when you take damage.
 K - a ring of insulation (right hand)
 L - an uncursed amulet of the acrobat
 N - a cursed ring of resist corrosion
 P - an uncursed ring of resist corrosion
Wands
 g - a wand of polymorph (6)
 r - a wand of clouds (3)
 x - a wand of flame (21)
 G - a wand of disintegration (20)
 M - a wand of acid (2)
Scrolls
 b - 4 scrolls of amnesia
 d - a scroll of noise
 f - a scroll of brand weapon {unknown}
 i - 2 scrolls of remove curse
 p - 3 scrolls of teleportation
 s - 5 scrolls of blinking
 u - 2 scrolls of magic mapping
 v - 3 scrolls of fog {unknown}
 w - 5 scrolls of enchant armour
 A - 6 scrolls of identify
Potions
 j - 3 potions of invisibility {unknown}
 k - 3 potions of agility {unknown}
 m - 2 potions of mutation
 n - 2 potions of haste
 o - a potion of resistance {unknown}
 t - 2 potions of flight {unknown}
 B - a potion of lignification {unknown}
 C - a potion of cancellation {unknown}
 J - a potion of magic {unknown}
Comestibles
 a - 9 chunks of flesh
 e - 24 rations {!d}


   Skills:
 + Level 7.9 Fighting
 + Level 1.5 Long Blades
 + Level 11.5 Axes
 + Level 7.2 Armour
 + Level 4.2 Dodging
 + Level 2.9 Stealth
 + Level 7.6 Shields
 + Level 2.1 Invocations
 + Level 0.3 Evocations


You had 8 spell levels left.
You didn't know any spells.
Your spell library contained the following spells:

 Spells                   Type           Power        Failure   Level  Hunger
 Sandblast                Erth           #.....       100%        1    None
 Shock                    Conj/Air       #....        100%        1    None
 Passwall                 Tmut/Erth      #.......     100%        2    ####...
 Swiftness                Chrm/Air       #.......     100%        2    ####...
 Confuse                  Hex            #.......     100%        3    #####..
 Dazzling Orbs            Conj/Hex       #......      100%        3    #####..
 Static Discharge         Air            #.......     100%        3    #####..
 Stone Arrow              Conj/Erth      #.....       100%        3    #####..
 Airstrike                Air            #.........   100%        4    ######.
 Petrify                  Tmut/Erth      #.........   100%        4    ######.
 Yara's Violent Unravell  Hex/Tmut       #.........   100%        4    ######.
 Lee's Rapid Deconstruct  Erth           #.........   100%        5    #######
 Lightning Bolt           Conj/Air       #.........   100%        5    #######
 Metabolic Englaciation   Hex/Ice        #.........   100%        5    #######
 Mana Rupture             Conj/Hex       #.........   100%        7    #######


Dungeon Overview and Level Annotations

Branches:
Dungeon (9/12)             Temple (1/1) D:7            Lair (0/6) D:9
    Orc (1/1) D:8             Elf (0/3) Orc

Altars:
Ashenzari
Dithmenos
Fedhas
Gozag
Hepliaklqana
Nemelex Xobeh
Okawaru
Ru
Sif Muna
Uskayaw
Vehumet
Zin
The Shining One
Beogh

Shops:
D:5 }   D:7 ?   Orc (:

Annotations:
D:5 1 runed translucent door, dodo's ghost, novice HOMA
D:6 exclusion: statue


Innate Abilities, Weirdness & Mutations

You have a pair of horns on your head.
You are partially covered in icy blue scales. (AC +2)
You are partially covered in sharp spines.
You are immune to rotting.
[Your magical capacity is low. (-10% MP)]


Message History

The warg is heavily wounded.
The orc hits you but does no damage. The warg is struck by your spines.
The warg barely misses you.
You closely miss the warg.
The warg is severely wounded.
The warg barely misses you. You block the orc's attack.
The warg is struck by your spines. The warg bites you but does no damage.
You slice the warg!! You burn the warg.
You kill the warg!
Okawaru accepts your kill. The orc hits you but does no damage.
You block the orc's attack.
Your shield and chain mail prevent you from hitting the orc priest.
The orc priest calls down the wrath of Beogh upon you.
Beogh smites you!
You die...
You block the orc's attack.
Xom reaches out...
You are now level 9!
You rejoin the land of the living...
Are you sure you want to abandon this character and quit the game? (Confirm with "yes".)

.,,,** **,*** *** ***
.,,,,***,,,,***#.#*#.##
.,,,**,,,,,,,**...,...#
.,,,,,,,,.,,,**.......#
.,,,,,,,,#.,,###.#...#*
.,,,,,,,,,#.#,.#.#...#
.,,,,,,,,,,#..,......#
.,,,,,,,,.##...#.....##
.,,,,,,,,.......@.....#
.,,,,,,,,...........$.#
.,*,,,,,,......#..##^##
.,,,,,,,,#.#.....##**#
.,,,,,,,,#*##.,...*
.,,,,,,,** #....#*
,,*,*,*** #*.###
******* ##*


There were no monsters in sight!

Vanquished Creatures
  A minotaur (Gauntlet)
  A hydra (D:8)
  4 orc high priests (Orc)
  A fire crab (Gauntlet)
  A shining eye (Gauntlet)
  A torpor snail (Gauntlet)
  A hornet (D:8)
  3 trolls (D:8)
  2 dream sheep (D:8)
  2 hippogriffs (D:8)
  8 yaks
  A hungry ghost (D:7)
  4 fire bats (Gauntlet)
  Edmund (D:5)
  A crocodile (D:6)
  3 wargs (Orc)
  2 hell hounds (Gauntlet)
  2 porcupines (D:9)
  A water moccasin (D:8)
  5 orc warriors
  A floating eye (Gauntlet)
  An ice beast (D:8)
  2 phantoms
  6 ogres
  5 centaurs
  2 bullfrogs
  3 big kobolds (D:8)
  2 scorpions
  A killer bee (D:8)
  A wight (D:5)
  2 crimson imps
  A quasit (D:5)
  2 bullfrog zombies
  A hound (D:5)
  A jelly (D:7)
  2 bullfrog skeletons
  A centaur skeleton (D:7)
  18 orc priests
  13 orc wizards
  3 iguanas
  6 worker ants
  A hound zombie (D:6)
  A worker ant zombie (D:9)
  2 howler monkey skeletons
  8 adders
  3 shadow imps
  2 oozes
  6 worms
  5 dart slugs
  2 leopard geckos
  54 orcs
  5 giant cockroaches
  A goblin (D:1)
  7 hobgoblins
  5 jackals
  4 quokkas
  A ball python (D:2)
  3 bats
  2 frilled lizards
  6 kobolds
  4 rats
241 creatures vanquished.

Notes
Turn   | Place    | Note
-------+----------+-------------------------------------------
     0 | D:1      | galech the Demonspawn Fighter began the quest for the Orb.
     0 | D:1      | Reached XP level 1. HP: 18/18 MP: 1/1
   273 | D:1      | Reached skill level 2 in Axes
   273 | D:1      | Gained mutation: You have a pair of small horns on your
                  | head. [demonic ancestry]
   273 | D:1      | Reached XP level 2. HP: 19/24 MP: 2/2
   887 | D:2      | Found a glowing golden altar of the Shining One.
   887 | D:2      | Found a sacrificial altar of Ru.
   970 | D:2      | Reached XP level 3. HP: 29/29 MP: 3/3
  1130 | D:2      | Found a faded altar of an unknown god.
  1165 | D:2      | Found an opulent altar of Gozag.
  1370 | D:2      | Found a blossoming altar of Fedhas.
  1526 | D:3      | Gained mutation: You have a pair of horns on your head.
                  | [demonic ancestry]
  1526 | D:3      | Reached XP level 4. HP: 22/35 MP: 4/4
  1689 | D:3      | Reached skill level 3 in Axes
  1694 | D:3      | Found a shimmering blue altar of Sif Muna.
  2231 | D:4      | Noticed a phantom
  2242 | D:4      | Killed a phantom
  2242 | D:4      | Reached XP level 5. HP: 35/41 MP: 5/5
  2359 | D:4      | Reached skill level 4 in Axes
  2387 | D:4      | Gained mutation: You are partially covered in sharp spines.
                  | [demonic ancestry]
  2387 | D:4      | Reached XP level 6. HP: 42/47 MP: 6/6
  2857 | D:5      | Entered Level 5 of the Dungeon
  2977 | D:5      | Reached skill level 1 in Dodging
  3007 | D:5      | Reached XP level 7. HP: 52/53 MP: 7/7
  3047 | D:5      | Reached skill level 5 in Axes
  3206 | D:5      | Found a runed translucent door.
  3209 | D:5      | Noticed dodo's ghost (novice HOMA)
  3434 | D:5      | Got a bound iron ring
  3435 | D:5      | Identified the ring of Byog {Fire Str-5 Int+4 Dex+2} (You
                  | found it on level 5 of the Dungeon)
  3559 | D:5      | Found Gios's Gadget Shop.
  3927 | D:6      | Noticed Edmund
  3939 | D:5      | Killed Edmund
  3939 | D:5      | Gained mutation: You are partially covered in icy blue
                  | scales. (AC +2) [demonic ancestry]
  3939 | D:5      | Reached XP level 8. HP: 28/60 MP: 8/8
  4092 | D:6      | Reached skill level 6 in Axes
  4234 | D:6      | Reached skill level 5 in Armour
  4305 | D:6      | HP: 2/61 [crocodile (15)]
  4306 | D:6      | Reached skill level 1 in Stealth
  4551 | D:6      | Found a radiant altar of Vehumet.
  4574 | D:6      | Found a sparkling altar of Nemelex Xobeh.
  4912 | D:6      | Reached skill level 7 in Axes
  4966 | D:6      | Found a shattered altar of Ashenzari.
  5198 | D:7      | Found a shadowy altar of Dithmenos.
  5376 | D:7      | Reached skill level 5 in Shields
  5382 | D:7      | Found a staircase to the Ecumenical Temple.
  5400 | Temple   | Entered the Ecumenical Temple
  5448 | Temple   | Became a worshipper of Warmaster Okawaru
  5548 | D:7      | Reached skill level 5 in Fighting
  5548 | D:7      | Reached XP level 9. HP: 59/68 MP: 9/9
  5774 | D:7      | Found Hifeur's Magic Scroll Emporium.
  5790 | D:7      | Bought a scroll of identify for 24 gold pieces
  5790 | D:7      | Bought a scroll of blinking for 90 gold pieces
  5790 | D:7      | Bought a scroll of teleportation for 36 gold pieces
  5790 | D:7      | Bought a scroll of enchant armour for 90 gold pieces
  5790 | D:7      | Bought a scroll of identify for 24 gold pieces
  5790 | D:7      | Bought a scroll of enchant weapon for 90 gold pieces
  5790 | D:7      | Bought a scroll of identify for 24 gold pieces
  5790 | D:7      | Bought a scroll of blinking for 90 gold pieces
  5990 | D:8      | Noticed a troll
  5996 | D:8      | Killed a troll
  6007 | D:8      | Reached * piety under Okawaru
  6037 | D:8      | Reached skill level 8 in Axes
  6569 | D:8      | Noticed a troll
  6577 | D:8      | Killed a troll
  6658 | D:8      | Reached ** piety under Okawaru
  6658 | D:8      | Gained mutation: You are immune to rotting. [demonic
                  | ancestry]
  6658 | D:8      | Reached XP level 10. HP: 67/76 MP: 10/10
  6660 | D:8      | Reached skill level 9 in Axes
  6751 | D:8      | Noticed a two-headed hydra
  6758 | D:8      | Killed a one-headed hydra
  6758 | D:8      | Reached skill level 1 in Long Blades
  7062 | D:8      | Reached *** piety under Okawaru
  7155 | D:8      | Found a staircase to the Orcish Mines.
  7168 | D:8      | Found a roughly hewn altar of Beogh.
  7704 | D:9      | Found a staircase to the Lair.
  7704 | D:9      | Noticed a death yak
  7704 | D:9      | Noticed a death yak
  7704 | D:9      | Noticed a death yak
  7728 | D:9      | Reached skill level 1 in Invocations
  7854 | Orc      | Entered the Orcish Mines
  7897 | Orc      | Found a gate leading to a gauntlet.
  7906 | Gauntlet | Entered a Gauntlet
  7906 | Gauntlet | Found a transporter.
  7906 | Gauntlet | Found a transporter.
  7914 | Gauntlet | Found a transporter.
  7924 | Gauntlet | Found a transporter.
  7933 | Gauntlet | Noticed a fire crab
  7934 | Gauntlet | Found a transporter.
  7934 | Gauntlet | Found a transporter.
  7935 | Gauntlet | Found a transporter.
  7935 | Gauntlet | Noticed a torpor snail
  7941 | Gauntlet | Found a transporter.
  7963 | Gauntlet | Found a transporter.
  7976 | Gauntlet | Found a transporter.
  7987 | Gauntlet | Found a transporter.
  7988 | Gauntlet | Noticed a shining eye
  7998 | Gauntlet | Noticed a death scarab
  7999 | Gauntlet | Found a transporter.
  8023 | Gauntlet | Noticed a four-headed hydra
  8038 | Gauntlet | Found a transporter.
  8053 | Gauntlet | Found a transporter.
  8152 | Gauntlet | Found a transporter.
  8166 | Gauntlet | Noticed an eye of devastation
  8167 | Gauntlet | Found a transporter.
  8380 | Gauntlet | Paralysed by a floating eye for 3 turns
  8390 | Gauntlet | Killed a shining eye
  8401 | Gauntlet | Got a pitted glass ring
  8402 | Gauntlet | Identified the cursed ring of Letruf {Ice Dex+2} (You found
                  | it in a Gauntlet)
  8430 | Gauntlet | Reached skill level 10 in Axes
  8431 | Gauntlet | Reached **** piety under Okawaru
  8434 | Gauntlet | Killed a torpor snail
  8436 | Gauntlet | Reached XP level 11. HP: 70/83 MP: 9/12
  8452 | Gauntlet | Got a scorched zirconium amulet
  8457 | Gauntlet | Identified the amulet "Arhobet" {Rage *Slow Str+5 Dex+4}
                  | (You found it in a Gauntlet)
  8507 | Gauntlet | Killed a fire crab
  8507 | Gauntlet | Reached ***** piety under Okawaru
  8669 | Gauntlet | Identified the +3 morningstar of Profit {flame, Int+4}
  8669 | Gauntlet | Noticed a minotaur
  8687 | Gauntlet | Killed a minotaur
  9053 | Orc      | Noticed an orc high priest
  9062 | Orc      | Noticed a sun demon
  9068 | Orc      | Killed an orc high priest
  9068 | Orc      | Reached skill level 11 in Axes
  9364 | Orc      | Noticed an orc high priest
  9371 | Orc      | Killed an orc high priest
  9371 | Orc      | Received a gift from Okawaru
  9372 | Orc      | Found Giasu's Antique Weapon Shoppe.
  9372 | Orc      | Found Iklith's Book Boutique.
  9372 | Orc      | Noticed an orc high priest
  9384 | Orc      | Slain by an ice devil
  9385 | Orc      | Reached XP level 10. HP: 0/80 MP: 9/9
  9398 | Orc      | Noticed a sixfirhy
  9401 | Orc      | Killed an orc high priest
  9409 | Orc      | Got a steaming broad axe {god gift}
  9410 | Orc      | Identified the +1 broad axe of Dinyipn {flame, rPois rC++
                  | Str+3 Dex-5} (Okawaru gifted it to you in the Orcish Mines)
  9532 | Orc      | Noticed an orc high priest
  9537 | Orc      | Noticed a smoke demon
  9537 | Orc      | HP: 4/80 [orc high priest/+0 battleaxe (5)]
  9538 | Orc      | Killed an orc high priest
  9545 | Orc      | Killed from afar by an orc priest
  9546 | Orc      | Reached XP level 9. HP: -8/74 MP: 9/9
  9546 | Orc      | Quit the game

Skill      XL: |  1  2  3  4  5  6  7  8  9 10 11 |
---------------+----------------------------------+-----
Shields        | 3 4 5 6 7 |  7.6
Axes           | 2 3 4 5 7 8 10 11 | 11.5
Armour         | 3 4 5 6 7 |  7.2
Dodging        | 1 2 3 4 |  4.2
Fighting       | 4 5 6 7 |  7.9
Stealth        | 1 2 |  2.9
Long Blades    | 1 |  1.5
Invocations    | 1 2 |  2.1
Evocations     | |  0.3

Action                   |  1- 3 |  4- 6 |  7- 9 | 10-12 || total
-------------------------+-------+-------+-------+-------++-------
Melee: War axe           |    99 |    74 |   200 |   187 ||   560
       Headbutt          |    15 |    14 |    35 |    56 ||   120
       Broad axe         |       |       |       |    17 ||    17
       Falchion          |       |       |       |     7 ||     7
Invok: Heroism           |       |       |       |     7 ||     7
 Abil: Evoke Berserk Rag |       |       |       |     1 ||     1
  Use: Scroll            |       |       |     9 |     2 ||    11
       Potion            |       |       |     1 |     2 ||     3
 Stab: Distracted        |       |       |       |     1 ||     1
  Eat: Chunk             |     5 |     8 |    20 |    15 ||    48
Armor: Chain mail        |    59 |    26 |       |    35 ||   120
       Scale mail        |     5 |       |       |       ||     5
       Ring mail         |       |    26 |    82 |    25 ||   133
Dodge: Dodged            |     8 |    14 |    57 |    69 ||   148
Block: Medium shield     |    45 |    48 |   123 |   116 ||   332
